 Dungeon Crawl Stone Soup version 0.29-a0-23-ga79f92ac9c (webtiles) character file.

Game seed: 13674801941846756629

47124 Ajdolov the Brawler (level 14, -2/144 HPs)
             Began as a Troll Monk on Jan 30, 2022.
             Was a Priest of Jiyva.
             Succumbed to a wolf spider's poison
             ... on level 5 of the Lair of Beasts.
             The game lasted 00:30:30 (14360 turns).

Ajdolov the Brawler (Troll Monk)                   Turns: 14360, Time: 00:30:30

Health: -2/144     AC:  9    Str: 26    XL:     14   Next: 7%
Magic:  13/13      EV: 30    Int:  6    God:    Jiyva [***...]
Gold:   943        SH:  0    Dex: 12    Spells: 13/13 levels left

rFire   . . .      SeeInvis .     - Unarmed
rCold   + . .      Faith    .   (no shield)
rNeg    . . .      Spirit   .   E - +0 troll leather armour
rPois   .          Reflect  .   A - +1 hat
rElec   .          Harm     .   H - +0 cloak
rCorr   +          Rampage  .   (gloves unavailable)
Will    +....                   (boots unavailable)
Stlth   +.........              l - amulet of the acrobat
HPRegen 3.06/turn               h - +4 ring of evasion
MPRegen 0.48/turn               x - ring of protection from cold

@: lethally poisoned (-2 -> -49), acrobatic, invisible
A: large, unfitting armour, claws 3, regeneration 1, shaggy fur 1, tough skin 1
a: Renounce Religion, Oozemancy


You were on level 5 of the Lair of Beasts.
You worshipped Jiyva.
Jiyva was most pleased with you.
You visited 3 branches of the dungeon, and saw 18 of its levels.
You also visited: Sewer.

You collected 1159 gold pieces.
You spent 216 gold pieces at shops.

Inventory:

Missiles
 a - 20 poisoned darts
 C - 14 large rocks (quivered)
 R - 5 curare-tipped darts
Armour
 A - a +1 hat (worn)
 D - +0 steam dragon scales
 E - a +0 troll leather armour (worn)
 H - a +0 cloak (worn)
 L - a scarf of resistance
 V - a +0 cloak
Magical Staves
 U - a staff of cold
Jewellery
 h - a +4 ring of evasion (left claw)
 l - an amulet of the acrobat (around neck)
 x - a ring of protection from cold (right claw)
 M - an amulet of faith
 S - a ring of magical power
 T - a ring of flight
Wands
 r - a wand of acid (9)
 I - a wand of flame (17)
 J - a wand of iceblast (7)
 K - a wand of mindburst (10)
Scrolls
 d - 2 scrolls of amnesia {unknown}
 f - 3 scrolls of vulnerability
 g - a scroll of acquirement {unknown}
 i - 8 scrolls of teleportation
 j - 3 scrolls of fear
 k - a scroll of blinking
 n - 2 scrolls of magic mapping
 o - 3 scrolls of noise
 u - 3 scrolls of immolation {unknown}
 y - 6 scrolls of fog
 z - 2 scrolls of enchant armour
 F - 3 scrolls of enchant weapon
 N - a scroll of summoning {unknown}
Potions
 b - 10 potions of curing
 c - 3 potions of magic
 e - 4 potions of attraction {unknown}
 m - a potion of invisibility
 p - 3 potions of mutation {unknown}
 q - 3 potions of brilliance {unknown}
 s - 2 potions of haste {unknown}
 t - 2 potions of might {unknown}
 v - 2 potions of lignification {unknown}
 w - a potion of degeneration {unknown}
 B - 5 potions of cancellation {unknown}
 G - a potion of resistance {unknown}
 O - 2 potions of flight {unknown}
 P - a potion of berserk rage {unknown}
 Q - 2 potions of heal wounds


   Skills:
 + Level 10.8 Fighting
 * Level 10.7 Throwing
 - Level 5.7 Armour
 * Level 6.3 Dodging
 - Level 1.0 Stealth
 + Level 15.7 Unarmed Combat


You had 13 spell levels left.
You didn't know any spells.
Your spell library contained the following spells:

 Spells                   Type           Power      Damage    Failure   Level
 Shock                    Conj/Air       0%         1d3       50%         1
 Slow                     Hex            0%         N/A       50%         1
 Corpse Rot               Necr/Air       0%         N/A       63%         2
 Ensorcelled Hibernation  Hex/Ice        0%         N/A       63%         2
 Passwall                 Tmut/Erth      0%         N/A       63%         2
 Poisonous Vapours        Pois/Air       0%         N/A       63%         2
 Confusing Touch          Hex            0%         N/A       86%         3
 Frozen Ramparts          Ice            0%         1d2       86%         3
 Inner Flame              Hex/Fire       0%         N/A       86%         3
 Stone Arrow              Conj/Erth      0%         3d7       86%         3
 Swiftness                Air            0%         N/A       86%         3
 Vampiric Draining        Necr           0%         2d6       86%         3
 Animate Armour           Summ/Erth      0%         N/A       99%         4
 Cause Fear               Hex            0%         N/A       99%         4
 Hailstorm                Conj/Ice       0%         3d3       99%         4
 Ice Form                 Ice/Tmut       0%         N/A       99%         4
 Leda's Liquefaction      Hex/Erth       0%         N/A       99%         4
 Summon Ice Beast         Ice/Summ       0%         N/A       99%         4
 Lee's Rapid Deconstruct  Erth           0%         3d5*      100%        5
 Lightning Bolt           Conj/Air       0%         1d11      100%        5
 Yara's Violent Unravell  Hex/Tmut       0%         3d3       100%        5
 Conjure Ball Lightning   Conj/Air       0%         3x3d6     100%        6
 Simulacrum               Ice/Necr       0%         N/A       100%        6
 Statue Form              Tmut/Erth      0%         N/A       100%        6
 Enfeeble                 Hex            0%         N/A       100%        7
 Spellforged Servitor     Conj/Summ      0%         N/A       100%        7
 Discord                  Hex            0%         N/A       100%        8
 Lehudib's Crystal Spear  Conj/Erth      0%         10d2      100%        8


Dungeon Overview and Level Annotations

Branches:
Dungeon (11/15)            Temple (1/1) D:5            Lair (6/6) D:9
 Shoals (0/4) Lair:4       Spider (0/4) Lair:2        Slime (0/5) Lair:5
  Sewer (visited)
    Orc: D:9-12

Altars:
Ashenzari
Cheibriados
Dithmenos
Elyvilon
Fedhas
Gozag
Hepliaklqana
Kikubaaqudgha
Makhleb
Nemelex Xobeh
Okawaru
Qazlal
Ru
Sif Muna
Trog
Uskayaw
Vehumet
Wu Jian
Xom
Yredelemnul
Zin
The Shining One
Jiyva

Shops:
D:6 *

Annotations:
Lair:3 exclusion: 2 oklob plants


Innate Abilities, Weirdness & Mutations

You are too large for most types of armour.
You have claws for hands.
Your natural rate of healing is unusually fast.
You are covered in fur. (AC +1)
You have tough skin. (AC +1)


Message History

The wolf spider misses you. The wolf spider closely misses you.
The wolf spider hits you. The wolf spider completely misses you.
There is a stone staircase leading up here.
The wolf spider hits you! The wolf spider completely misses you.
You climb upwards.
There is a stone staircase leading down here.
You are too injured to fight recklessly!
You are too injured to fight recklessly!
You barely miss the wolf spider. The wolf spider hits you!
The wolf spider closely misses you.
You barely miss the wolf spider. The wolf spider closely misses you.
The wolf spider bites you.
You scratch the wolf spider but do no damage.
The wolf spider hits you but does no damage.
The wolf spider closely misses you.
You scratch the wolf spider.
The wolf spider is lightly wounded.
The wolf spider closely misses you.
The wolf spider bites you but does no damage.
The wolf spider hits you! The wolf spider bites you!
* * * LOW HITPOINT WARNING * * *
You are poisoned.
The wolf spider poisons you!
You feel extremely sick.
You feel extremely sick. The wolf spider completely misses you.
The wolf spider bites you.
* * * LOW HITPOINT WARNING * * *
You are lethally poisoned!
The wolf spider poisons you!
Unknown command.
You fade into invisibility!
* * * LOW HITPOINT WARNING * * *
You feel extremely sick. The wolf spider completely misses you.
The wolf spider bites you.
* * * LOW HITPOINT WARNING * * *
You are more poisoned.
The wolf spider poisons you!
Press: ? - help, v - describe, . - travel The floor.
You die...

### ####### ##### #######.#
######.#.#.#
.#..###.##.##.###...#.#.#..###
..#..##......................##
.....P........s#@.............#
..............>..............##
.............................#
.............................##
..............................#
..............................##
......†.....J..................#
...............................#
....P.........................##


You could see a neutral jelly (wandering)(fellow slime).

Vanquished Creatures
  A dire elephant (Lair:6)
  5 hydras
  A boulder beetle (D:11)
  A tengu warrior (D:8)
  Sonja (Lair:4)
  3 ugly things
  4 cyclopes
  2 manticores
  23 elephants
  Maurice (D:9)
  2 torpor snails
  2 black mambas (Lair:6)
  2 gargoyles (D:11)
  13 cane toads
  11 komodo dragons
  4 rime drakes
  4 trolls
  2 polar bears
  A wind drake (Lair:4)
  17 blink frogs
  Prince Ribbit (D:7)
  A tarantella (shapeshifter) (D:8)
  4 dream sheep
  A meliai zombie (D:10)
  A jumping spider (Lair:2)
  A shadow (D:10)
  Sigmund (D:5)
  A spriggan (Lair:1)
  26 yaks
  2 wyverns
  2 wraiths
  3 basilisks
  2 steam dragons
  4 vampire mosquitoes (D:8)
  Menkaure (D:5)
  12 water moccasins
  Duvessa (D:5)
  3 sky beasts
  8 orc warriors
  2 ice beasts
  3 black bears
  A hornet zombie (D:6)
  An ogre (D:5)
  20 wolves
  2 centaurs
  A phantom (D:5)
  3 kobold brigands
  Blork the orc (D:5)
  12 bullfrogs
  2 scorpions (D:4)
  A wyvern zombie (D:9)
  2 gnoll sergeants (D:9)
  A wyvern skeleton (D:7)
  Dowan (D:5)
  A water moccasin skeleton (D:3)
  4 killer bees
  An electric eel (Lair:1)
  6 centaur zombies
  A quasit (Sewer)
  3 hounds
  A gnoll shaman (D:7)
  8 orc priests
  A centaur skeleton (D:7)
  An iguana (D:5)
  7 orc wizards
  A killer bee zombie (D:9)
  8 adders
  5 shadow imps
  A white imp (D:6)
  6 ufetubi
  2 dart slugs
  32 orcs
  13 bats
  6 endoplasms
  6 giant cockroaches
  11 hobgoblins
  25 kobolds
  6 quokkas
  9 ball pythons
  A frilled lizard (D:3)
  6 goblins
  2 kobold zombies (Sewer)
  5 rats
  A plant (Lair:6)
408 creatures vanquished.

Vanquished Creatures (others)
  A ghoul (D:1)
  2 vine stalkers (D:1)
  Grinder (Sewer)
  2 spriggans (D:1)
  A vampire (D:1)
  A dwarf (D:1)
  An ogre (D:1)
  A felid (D:1)
  4 jellies (Lair:6)
  A mummy (D:1)
  2 kobolds (D:1)
  45 fungi
  53 plants
  6 tentacles (D:1)
  9 withered plants (Lair:6)
130 creatures vanquished.

Grand Total: 538 creatures vanquished

Notes
Turn   | Place    | Note
-------+----------+-------------------------------------------
     0 | D:1      | Ajdolov the Troll Monk began the quest for the Orb.
     0 | D:1      | Reached XP level 1. HP: 22/22 MP: 0/0
     0 | D:1      | Noticed a spriggan
     0 | D:1      | Noticed a dwarf
     0 | D:1      | Noticed a vine stalker
     0 | D:1      | Noticed an ogre
     0 | D:1      | Noticed a vine stalker
     0 | D:1      | Noticed a kraken
     0 | D:1      | Noticed a vampire
     0 | D:1      | Noticed a ghoul
     0 | D:1      | Noticed a felid
     0 | D:1      | Noticed a spriggan
     3 | D:1      | Killed a spriggan
     4 | D:1      | Killed a dwarf
     4 | D:1      | Killed a vine stalker
     5 | D:1      | Killed an ogre
     7 | D:1      | Killed a felid
    10 | D:1      | Killed a ghoul
    11 | D:1      | Killed a vine stalker
    11 | D:1      | Killed a spriggan
    13 | D:1      | Killed a vampire
   191 | D:1      | Reached XP level 2. HP: 29/29 MP: 1/1
   468 | D:1      | Found a faded altar of an unknown god.
   837 | D:2      | Reached XP level 3. HP: 34/36 MP: 2/2
  1029 | D:2      | Reached skill level 4 in Unarmed Combat
  1261 | D:2      | Reached XP level 4. HP: 44/45 MP: 3/3
  1735 | D:3      | Reached skill level 5 in Unarmed Combat
  1735 | D:3      | Reached XP level 5. HP: 42/53 MP: 4/4
  2236 | D:4      | You fall into a shaft and drop 1 floor!
  2236 | D:5      | Entered Level 5 of the Dungeon
  2236 | D:5      | Noticed a sky beast
  2236 | D:5      | Found a staircase to the Ecumenical Temple.
  2237 | D:5      | Noticed a centaur
  2240 | D:5      | Noticed Menkaure
  2249 | D:5      | Found a glowing drain.
  2257 | D:5      | Noticed Blork the orc
  2270 | D:5      | Killed Blork the orc
  2271 | D:5      | Reached skill level 6 in Unarmed Combat
  2271 | D:5      | Reached XP level 6. HP: 57/62 MP: 5/5
  2275 | Sewer    | Entered a sewer
  2389 | Sewer    | Found a burning altar of Makhleb.
  2519 | Sewer    | Reached XP level 7. HP: 66/70 MP: 6/6
  2541 | Sewer    | Noticed Grinder
  2553 | Sewer    | Killed Grinder
  2554 | Sewer    | Reached skill level 7 in Unarmed Combat
  2698 | D:5      | Noticed Duvessa
  2705 | D:5      | Noticed Dowan
  2706 | D:5      | Killed Duvessa
  2712 | D:5      | Killed Dowan
  3023 | D:4      | Reached skill level 8 in Unarmed Combat
  3140 | D:5      | Reached skill level 5 in Fighting
  3145 | D:5      | Reached XP level 8. HP: 76/80 MP: 7/7
  3204 | D:5      | Killed Menkaure
  3231 | D:5      | Reached skill level 9 in Unarmed Combat
  3239 | Temple   | Entered the Ecumenical Temple
  3448 | D:5      | Noticed Sigmund
  3458 | D:5      | Killed Sigmund
  3534 | D:5      | Reached skill level 10 in Unarmed Combat
  3976 | D:6      | Reached XP level 9. HP: 89/89 MP: 8/8
  4075 | D:6      | Found Bilyz's CLEARANCE SALE!.
  4082 | D:6      | Bought a scroll of identify for 16 gold pieces
  4082 | D:6      | Bought a ring of protection from cold for 200 gold pieces
  4325 | D:7      | Noticed Prince Ribbit
  4339 | D:7      | Killed Prince Ribbit
  4611 | D:7      | Reached skill level 11 in Unarmed Combat
  5061 | D:7      | Reached skill level 12 in Unarmed Combat
  5142 | D:8      | Noticed a troll
  5159 | D:8      | Killed a troll
  5197 | D:8      | Reached XP level 10. HP: 96/102 MP: 9/9
  5300 | D:8      | Noticed a cyclops
  5304 | D:8      | Killed a cyclops
  5345 | D:8      | Noticed a cyan ugly thing
  5356 | D:8      | Killed a cyan ugly thing
  5446 | D:8      | Reached skill level 13 in Unarmed Combat
  6162 | D:9      | Reached skill level 1 in Throwing
  6163 | D:9      | Noticed a cyclops
  6186 | D:8      | Reached skill level 1 in Armour
  6275 | D:9      | Killed a cyclops
  6347 | D:9      | Noticed Maurice
  6783 | D:9      | Found a staircase to the Lair.
  6808 | D:9      | Reached XP level 11. HP: 109/113 MP: 10/10
  6860 | D:9      | Noticed a white ugly thing
  6860 | D:9      | Noticed a cyan ugly thing
  6887 | D:9      | Killed a white ugly thing
  6897 | D:9      | Killed a cyan ugly thing
  6954 | D:9      | Noticed a tengu warrior
  7006 | D:8      | Killed a tengu warrior
  7178 | D:9      | Killed Maurice
  7242 | D:9      | Reached skill level 14 in Unarmed Combat
  7544 | D:10     | Entered Level 10 of the Dungeon
  7704 | D:10     | Found a snail-covered altar of Cheibriados.
  8252 | D:11     | Reached skill level 5 in Throwing
  8356 | D:11     | Noticed a boulder beetle
  8381 | D:11     | Killed a boulder beetle
  8625 | D:11     | Found a sparkling altar of Nemelex Xobeh.
  8840 | Lair:1   | Entered Level 1 of the Lair of Beasts
  8937 | Lair:1   | Found a gate leading to a gauntlet.
  9131 | Lair:1   | Reached XP level 12. HP: 123/123 MP: 11/11
 10092 | Lair:2   | Reached skill level 5 in Armour
 10237 | Lair:2   | Found a hole to the Spider Nest.
 10770 | Lair:3   | Noticed a five-headed hydra
 10776 | Lair:3   | Killed a five-headed hydra
 10868 | Lair:3   | Noticed an eight-headed hydra
 10901 | Lair:3   | Killed an eight-headed hydra
 11219 | Lair:3   | Reached skill level 15 in Unarmed Combat
 11901 | Lair:4   | Reached skill level 10 in Fighting
 11995 | Lair:4   | Reached XP level 13. HP: 108/133 MP: 12/12
 12289 | Lair:4   | Identified the +5 falchion "Gram" {vorpal, Str+3}
 12435 | Lair:4   | Found a staircase to the Shoals.
 12438 | Lair:4   | Noticed Sonja
 12441 | Lair:4   | Killed Sonja
 13094 | Lair:5   | Found a viscous altar of Jiyva.
 13095 | Lair:5   | Found a staircase to the Slime Pits.
 13102 | Lair:5   | Became a worshipper of Jiyva Januzar the Shapeless
 13102 | Lair:5   | Reached * piety under Jiyva
 13102 | Lair:5   | Reached ** piety under Jiyva
 13456 | Lair:5   | Reached *** piety under Jiyva
 13511 | Lair:5   | Found a runed translucent door.
 13683 | Lair:5   | Got the Disquisition on Attacks
 13713 | Lair:6   | Entered Level 6 of the Lair of Beasts
 13758 | Lair:5   | Reached skill level 5 in Dodging
 13768 | Lair:5   | Reached skill level 10 in Throwing
 14096 | Lair:6   | Reached XP level 14. HP: 96/144 MP: 13/13
 14360 | Lair:5   | Succumbed to a wolf spider's poison

Illustrated notes

Levels and vault maps discovered:
D:1:      nicolae_arrival_kraken_aquarium_a, layout_loops_ring,
          hellmonk_ecumenical_altar_pennies_from_heaven, serial_bayou_pond_a,
          minmay_misc_feat_secret_circle
D:2:      layout_loops_corners
D:3:      layout_basic
D:4:      old_forge, layout_basic, solitary_fountain
D:5:      layout_basic, minmay_temple_entry_purple_smoke,
          cheibrodos_sewer_entry_drain, serial_bayou_pond_c, uniq_sigmund,
          uniq_blork_the_orc, uniq_duvessa, uniq_menkaure
D:6:      layout_basic, nicolae_shop_clearance
D:7:      minmay_clustersquares, layout_rooms, uniq_prince_ribbit1
D:8:      minmay_distorted_concentric_squares, layout_basic,
          kennysheep_windowed_goal
D:9:      cheibrodos_fzero, layout_long_grid, lair_entry_dummy, uniq_maurice
D:10:     layout_loops_cross, mainiacjoe_overflow_alcove_1
D:11:     nicolae_BIG_FREAKIN_CUBE, layout_cross,
          nemelex_xobeh_ov_fountains_minmay
Temple:   kilobyte_greek_temple
Lair:1:   layout_gridlike, gauntlet_entry_generic,
          grunt_forest_large_clearing_hut, infiniplex_staircase_pool,
          lemuel_fruit_tree
Lair:2:   layout_regular_city, spider_nest_entry_a, beast_lair_carwin_10
Lair:3:   minmay_lair_oklob_chamber, layout_cave_pods
Lair:4:   layout_regular_city, minmay_shoals_entry_beasts,
          chequers_serial_rivers_large_a, chequers_serial_rivers_micro_a,
          infiniplex_staircase_pool_2, grunt_megastairs_2, uniq_sonja
Lair:5:   layout_gridlike, slime_altar_1, pf_torpor_hydra
Lair:6:   due_jungle_book, layout_loops_ring, grunt_megastairs_5

Skill      XL: |  1  2  3  4  5  6  7  8  9 10 11 12 13 |
---------------+----------------------------------------+-----
Unarmed Combat | 4 5 6 8 10 12 13 14 15 | 15.7
Fighting       | 3 4 5 6 7 8 9 10 | 10.8
Throwing       | 2 6 8 10 | 10.7
Armour         | 2 4 5 |  5.7
Dodging        | 6 |  6.3
Stealth        | |  1.0

Action                   |  1- 3 |  4- 6 |  7- 9 | 10-12 | 13-15 || total
-------------------------+-------+-------+-------+-------+-------++-------
Melee: Unarmed           |    83 |   160 |   262 |   481 |   302 ||  1288
       Punch             |       |     3 |    11 |    53 |    31 ||    98
Throw: Dart              |       |       |       |     4 |       ||     4
       Large rock        |       |       |       |    31 |    21 ||    52
  Use: Scroll            |       |     1 |     1 |    10 |     1 ||    13
       Potion            |       |       |     3 |     1 |     1 ||     5
 Stab: Sleeping          |     1 |     4 |     3 |       |       ||     8
       Held in net/web   |       |       |     2 |       |       ||     2
       Invisible         |       |       |     1 |       |       ||     1
Armor: Robe              |    25 |    57 |    82 |     3 |       ||   167
       Steam dragon scal |       |       |       |    17 |       ||    17
       Troll leather arm |       |       |       |    67 |    99 ||   166
Dodge: Dodged            |    36 |   159 |   175 |   322 |   255 ||   947

Table legend: (Time is in decaauts)
 A = Elapsed time spent in this place.
 B = Non-inter-level travel time spent in this place.
 C = Inter-level travel time spent in this place.
 D = Time resting spent in this place.
 E = Time spent auto-exploring this place.
 F = Levels seen in this place.
 G = Mean time per level.
                   A        B        C        D        E       F      G
               +--------+--------+--------+--------+--------+-----+--------+
         Total |  14188 |  13333 |    855 |    590 |   9728 |  19 |  746.7 |
       Dungeon |   8188 |   7683 |    505 |    549 |   5419 |  11 |  744.4 |
        Temple |    142 |    105 |     37 |      0 |     93 |   1 |  142.0 |
          Lair |   5430 |   5117 |    313 |     41 |   3998 |   6 |  905.0 |
         Sewer |    426 |    426 |      0 |      0 |    217 |   1 |  426.0 |
               +--------+--------+--------+--------+--------+-----+--------+

Top non-repeatable levels by time:
     D:8: 1420 daAuts
  Lair:3: 1171 daAuts
  Lair:4: 1040 daAuts
     D:9: 999 daAuts
  Lair:1: 938 daAuts
  Lair:2: 923 daAuts
  Lair:5: 846 daAuts
     D:7: 800 daAuts
     D:5: 743 daAuts
     D:2: 738 daAuts
    D:10: 721 daAuts
     D:3: 669 daAuts
     D:1: 664 daAuts
     D:4: 525 daAuts
    D:11: 512 daAuts
